 Dungeon Crawl Stone Soup version 0.19-a0-459-gb8ed64d (webtiles) character file.

329 Charmandara the Magician (level 6, -1/45 HPs)
             Began as a Draconian Wizard on June 2, 2016.
             Slain by an iguana (13 damage)
             ... on level 4 of the Dungeon.
             The game lasted 00:11:58 (3665 turns).

Charmandara the Magician (Draconian Wizard)         Turns: 3665, Time: 00:11:58

Health: -1/45      AC:  6    Str: 11    XL:     6   Next: 25%
Magic:  12/12      EV: 12    Int: 21    God:
Gold:   194        SH:  0    Dex:  9    Spells: 6 memorised, 2 levels left

rFire  + . .     SeeInvis .     a - +2 dagger (venom)
rCold  . . .     Gourm    .     (armour unavailable)
rNeg   . . .     Faith    +     (no shield)
rPois  .         Spirit   .     f - +0 hat
rElec  .         Dismiss  .     (no cloak)
rCorr  .         Reflect  .     (no gloves)
SustAt .         Harm     .     (no boots)
MR     .....                    i - amulet of faith {Faith, !P}
Stlth  +.........               y - +2 ring of strength
                                d - ring of protection from fire (curse) {rF+, !d}

@: about to teleport, not resistant to hostile enchantments, very unstealthy
A: unfitting armour, cold-blooded, AC +6
a: no special abilities


You were on level 4 of the Dungeon.
You were not hungry.

You visited 1 branch of the dungeon, and saw 4 of its levels.

You collected 194 gold pieces.

Inventory:

Hand Weapons
 a - a +2 dagger of venom (weapon)
   (You took it off a goblin on level 4 of the Dungeon)
 b - a +0 blowgun
   (You took it off a kobold on level 3 of the Dungeon)
Missiles
 e - 6 javelins (quivered)
 q - 15 poisoned needles
Armour
 f - a +0 hat (worn)
 l - a cursed +0 robe
   (You found it on level 2 of the Dungeon)
Jewellery
 d - a cursed ring of protection from fire (left hand) {rF+, !d}
   (You found it on level 1 of the Dungeon)
 i - an amulet of faith (around neck) {Faith, !P}
   (You found it on level 1 of the Dungeon)
 y - a +2 ring of strength (right hand)
   (You found it on level 4 of the Dungeon)
Scrolls
 g - 2 scrolls of identify {unknown}
 h - a scroll of magic mapping {unknown}
 k - a scroll of fear {unknown}
Potions
 j - a potion of degeneration {!q}
 m - a potion of berserk rage {unknown}
 o - 3 potions of flight
 r - 3 potions of mutation {unknown}
 t - 4 potions of curing {unknown}
 u - a potion of agility
Books
 v - a book of Minor Magic
 w - a book of Beasts
   (You found it on level 3 of the Dungeon)
Comestibles
 c - 6 bread rations {@e1}
 n - a beef jerky
 s - a royal jelly
 x - a slice of pizza
 z - a chunk of flesh {@w0}


   Skills:
 - Level 1.7 Dodging
 - Level 1.7 Stealth
 * Level 4.2 Spellcasting
 - Level 2.1 Conjurations
 + Level 2.1 Charms
 - Level 2.0 Summonings
 - Level 2.0 Translocations
 * Level 2.7 Air Magic
 + Level 0.8 Poison Magic


You had 2 spell levels left.
You knew the following spells:

 Your Spells              Type           Power        Failure   Level  Hunger
a - Magic Dart            Conj           ##..         6%          1    None
b - Blink                 Tloc           N/A          10%         2    #......
c - Call Imp              Summ           ##......     10%         2    #......
d - Repel Missiles        Chrm/Air       ##....       10%         2    #......
x - Mephitic Cloud        Conj/Pois/Air  ##......     21%         3    ###....
B - Summon Butterflies    Summ           ##......     6%          1    None


Dungeon Overview and Level Annotations

Branches:
Dungeon (4/15)             Temple (0/1) D:4

Altars:
Makhleb
Nemelex Xobeh

Annotations:
D:4 Dowan, Duvessa, Natasha


Innate Abilities, Weirdness & Mutations

Your plain brown scales are hard. (AC +6)
Your body does not fit into most forms of armour.
You are cold-blooded and may be slowed by cold attacks.


Message History

The gnoll hits you with a trident!
You take 10 damage, and have 23/45 hp.
MASSIVE DAMAGE!!
You hit the gnoll but do no damage.
The gnoll is poisoned.
The gnoll closely misses you.
You miscast Mephitic Cloud.
You are very lightly contaminated with residual magic.
Sparks fly from your hands! The gnoll hits you with a trident.
You take 2 damage, and have 22/45 hp.
You now have 2/12 mp.
Unknown command.
You barely miss the gnoll. The gnoll closely misses you.
You hit the gnoll.
The gnoll looks even sicker.
You hit the gnoll.
You kill the gnoll!
You see here a trident.
You start resting.
Natasha, Servant of Life and Death comes into view.
Aim: Natasha (hasn't noticed you)
The magic dart hits Natasha.
Natasha hisses angrily.
You now have 3/12 mp.
Aim: Natasha (lightly wounded)
The magic dart hits Natasha.
Natasha casts a spell.
You now have 2/12 mp.
Natasha mumbles some strange words.
There is an open door here.
As you read the scroll labeled MECVIGG VYLY, it crumbles to dust.
You feel strangely unstable.
It was a scroll of teleportation.
Unknown command.
Okay, then.
Natasha casts a spell.
You hit the iron imp but do no damage.
Your tail-slap misses the iron imp.
Your surroundings suddenly seem different.
You start resting.
Your magical contamination has completely faded away.
You start resting.
Health restored: 45; MP restored: 12
Okay, then.
You open the door.
There is an open door here.
You open the door.
There is an open door here.
A quokka comes into view.
A quokka is nearby!
A quokka is nearby!
A quokka is nearby!
Aim: a quokka (resting)
The magic dart hits the quokka.
You now have 11/12 mp.
Aim: a quokka (almost dead)
The magic dart hits the quokka.
You kill the quokka!
You now have 10/12 mp.
You see here a quokka corpse.
You butcher the quokka corpse.
z - 8 chunks of flesh {@w0} (gained 1)
Found a staircase to the Ecumenical Temple.
Unknown command.
Found a stone staircase leading down.
A scorpion comes into view.
An iguana comes into view.
The iguana hisses angrily.
The iguana moves out of view.
There is a staircase to the Ecumenical Temple here.
MP restored: 12
Aim: a scorpion The magic dart hits the scorpion.
You now have 11/12 mp.
You don't know that spell.
You hit the scorpion but do no damage.
The scorpion is poisoned.
The scorpion barely misses you.
You closely miss the scorpion. The scorpion barely misses you.
You hit the scorpion.
The scorpion looks even sicker.
The scorpion barely misses you.
You barely miss the scorpion.
The scorpion stings you but does no damage.
The iguana bites you!
You take 13 damage, and have 32/45 hp.
MASSIVE DAMAGE!!
You kill the scorpion!
You hit the iguana but do no damage.
MP restored: 12 You hit the iguana.
The iguana is poisoned.
The iguana bites you!
You take 11 damage, and have 21/45 hp.
MASSIVE DAMAGE!!
Natasha hisses angrily.
You hit the iguana.
The iguana looks even sicker.
The iguana barely misses you.
You closely miss the iguana. The iguana bites you!
* * * LOW HITPOINT WARNING * * *
Some of the chunks of flesh in your inventory have rotted away.
You take 10 damage, and have 11/45 hp.
MASSIVE DAMAGE!!
Okay, then.
Okay, then.
As you read the scroll of teleportation, it crumbles to dust.
You feel strangely unstable. The iguana bites you!
You die...

.#.....#.5.#....#......#.....#..#
.#.....#...#....#......#.....#..#
.#.....#####....#......#.....#..#
.#....h#..##)...##.....#.....#..#
.#....5#........########........#
.#.)...'..............>######...#
.# #'######.........# #.### .# ..
.......♣.♣.....# ### .# .
.......@l......# .#
.......♣.♣.....# .#
...........##'## ## .#
##........... .. .. .#
#........h..... . .#
#.)........... # .#
#............. + .#
#............. # .# #


You could see an iguana and Natasha.

Vanquished Creatures
  A scorpion (D:4)
  A hound (D:4)
  An iguana (D:3)
  Natasha (twice) (D:4)
  A worker ant (D:4)
  4 adders
  4 gnolls (D:4)
  2 worms (D:3)
  2 dart slugs
  3 giant geckos
  An orc (D:3)
  4 bats
  4 giant cockroaches
  15 goblins
  9 hobgoblins
  A quokka (D:4)
  2 giant newts (D:2)
  2 kobolds
  3 rats
62 creatures vanquished.

Vanquished Creatures (collateral kills)
  Robin (D:2)
  An adder (D:2)
  2 hobgoblins (D:2)
4 creatures vanquished.

Grand Total: 66 creatures vanquished

Notes
Turn   | Place    | Note
--------------------------------------------------------------
     0 | D:1      | Charmandara the Draconian Wizard began the quest for the Orb.
     0 | D:1      | Reached XP level 1. HP: 14/14 MP: 4/4
   186 | D:1      | Reached skill level 2 in Conjurations
   233 | D:1      | Reached XP level 2. HP: 20/20 MP: 0/6
   255 | D:1      | Learned a level 2 spell: Blink
   258 | D:1      | Learned a level 2 spell: Call Imp
   261 | D:1      | Learned a level 2 spell: Repel Missiles
   556 | D:2      | Noticed Robin
   591 | D:2      | Found a burning altar of Makhleb.
   619 | D:2      | HP: 5/20 [poisoned by an adder]
   627 | D:2      | HP: 4/20 [poisoned by an adder]
   923 | D:2      | HP: 5/20 [adder (1)]
   927 | D:2      | Reached XP level 3. HP: 18/26 MP: 0/7
  1168 | D:2      | Reached skill level 2 in Translocations
  1209 | D:2      | Killed Robin
  1868 | D:3      | Found a sparkling altar of Nemelex Xobeh.
  1884 | D:3      | Reached XP level 4. HP: 31/33 MP: 6/8
  1915 | D:3      | Reached skill level 1 in Charms
  1915 | D:3      | Reached skill level 2 in Summonings
  1991 | D:3      | Reached skill level 1 in Air Magic
  2633 | D:3      | Learned a level 1 spell: Summon Butterflies
  2733 | D:4      | Noticed Duvessa
  2733 | D:4      | Noticed Dowan
  2758 | D:3      | Reached XP level 5. HP: 38/38 MP: 4/10
  2786 | D:3      | Learned a level 3 spell: Mephitic Cloud
  3166 | D:4      | Noticed Natasha
  3178 | D:4      | Killed Natasha
  3182 | D:4      | Reached skill level 4 in Spellcasting
  3182 | D:4      | Reached skill level 2 in Air Magic
  3192 | D:4      | Noticed Natasha
  3200 | D:4      | Killed Natasha
  3422 | D:4      | Reached skill level 2 in Charms
  3429 | D:4      | Reached XP level 6. HP: 33/45 MP: 4/12
  3477 | D:4      | Noticed Natasha
  3647 | D:4      | Found a staircase to the Ecumenical Temple.
  3664 | D:4      | HP: 11/45 [iguana (10)]
  3665 | D:4      | Slain by an iguana

Vault maps used:
D:1:      lightli_arrival_boilingwater
D:2:      bloody_makhleb, uniq_robin
D:3:      first_bread, nemelex_xobeh_ov_fountains_minmay
D:4:      kennysheep_slug_shrine, minmay_temple_entry_trees, uniq_duvessa,
          uniq_natasha

Skill      XL: |  1  2  3  4  5 |
---------------+----------------+-----
Conjurations   | 2 |  2.1
Translocations | 2 |  2.0
Charms         | 1 2 |  2.1
Summonings     | 2 |  2.0
Air Magic      | 1 2 |  2.7
Spellcasting   | 4 |  4.2
Dodging        | |  1.7
Stealth        | |  1.7
Poison Magic   | |  0.8

Action                   |  1- 3 |  4- 6 || total
-------------------------+-------+-------++-------
Melee: Unarmed           |     6 |       ||     6
       Short sword       |    42 |       ||    42
       Whip              |    35 |    41 ||    76
       Tailslap          |     1 |     6 ||     7
       Dagger            |       |    48 ||    48
 Fire: Blowgun           |       |     2 ||     2
 Cast: Magic Dart        |    35 |    37 ||    72
       Call Imp          |     7 |     1 ||     8
       Blink             |     1 |       ||     1
       Mephitic Cloud    |       |     2 ||     2
  Use: Potion            |     3 |       ||     3
       Scroll            |       |     2 ||     2
 Stab: Sleeping          |       |     1 ||     1
       Confused          |       |     1 ||     1
  Eat: Chunk             |     3 |     6 ||     9
Armor: Skin              |    32 |    22 ||    54
Dodge: Dodged            |    52 |    56 ||   108

Vault maps used:
D:1:      lightli_arrival_boilingwater
D:2:      bloody_makhleb, uniq_robin
D:3:      first_bread, nemelex_xobeh_ov_fountains_minmay
D:4:      kennysheep_slug_shrine, minmay_temple_entry_trees, uniq_duvessa,
          uniq_natasha

Table legend:
 A = Turns spent in this place as a percentage of turns spent in the entire game.
 B = Non-inter-level travel turns spent in this place as a percentage of non-inter-level travel turns spent in the entire game.
 C = Inter-level travel turns spent in this place as a percentage of turns spent in this place.
 D = Turns resting spent in this place as a percentage of non-inter-level travel turns spent in this place.
 E = Turns spent auto-exploring this place as a percentage of non-inter-level travel turns spent in this place.
 F = Non-inter-level travel turns spent in this place divided by the number of levels of this place that you've seen.
                   A       B       C       D       E      F
               +-------+-------+-------+-------+-------+----------------------
         Total | 100.0 | 100.0 |   0.5 |   6.2 |   7.7 | 236.8
       Dungeon | 100.0 | 100.0 |   0.5 |   6.2 |   7.7 | 236.8
               +-------+-------+-------+-------+-------+----------------------

Table legend:
 A = Kills in this place as a percentage of kills in entire the game.
 B = Kills by you in this place as a percentage of kills by you in the entire game.
 C = Kills by friends in this place as a percentage of kills by friends in the entire game.
 D = Other kills in this place as a percentage of other kills in the entire game.
 E = Experience gained in this place as a percentage of experience gained in the entire game.
 F = Experience gained in this place divided by the number of levels of this place that you have seen.
                   A       B       C       D       E      F
               +-------+-------+-------+-------+-------+----------------------
         Total | 100.0 | 100.0 | 100.0 |  -nan | 100.0 | 117.8
       Dungeon | 100.0 | 100.0 | 100.0 |  -nan | 100.0 | 117.8
               +-------+-------+-------+-------+-------+----------------------
